 Dungeon Crawl Stone Soup version 0.29-a0-973-gac7da5f7f0 (webtiles) character file.

Game seed: 15718346364199504657

58860 night the Spry (level 14, -1/68 HPs)
             Began as a Felid Summoner on July 27, 2022.
             Was an Initiate of Gozag.
             Killed from afar by an efreet (28 damage)
             ... with a fireball
             ... on level 14 of the Dungeon on July 31, 2022.
             The game lasted 02:09:56 (32954 turns).

night the Spry (Felid Summoner)                    Turns: 32954, Time: 02:09:56

Health: -1/68      AC:  3    Str:  4    XL:     14   Next: 51%
Magic:  30/38      EV: 28    Int: 25    God:    Gozag
Gold:   2860       SH:  0    Dex: 18    Spells: 7/33 levels left
                                        Lives:  0   Deaths: 4

rFire   . . .      SeeInvis +     - Unarmed
rCold   + . .      Faith    .   (shield unavailable)
rNeg    . . .      Spirit   .   (body armour unavailable)
rPois   +          Reflect  .   (helmet unavailable)
rElec   .          Harm     .   (cloak unavailable)
rCorr   .          Rampage  .   (gloves unavailable)
Will    +....                   (boots unavailable)
Stlth   ++........              n - amulet of magic regeneration
HPRegen 0.21/turn               T - ring of wizardry
MPRegen 0.66/turn               y - ring of Jaoc {rPois Will- MP+9 Int+2 Slay+3}

@: about to teleport, gold aura, quick
A: very small, claws 1, fangs 3, see invisible, speed 1, shaggy fur 3, stealthy
paws, no weapons or thrown items, no armour, multi-lived
a: Renounce Religion, Potion Petition, Call Merchant, Bribe Branch


You were on level 14 of the Dungeon.
You worshipped Gozag.
Gozag was most pleased with you.
You visited 4 branches of the dungeon, and saw 22 of its levels.
You also visited: Bailey.

You collected 9086 gold pieces.
You spent 2298 gold pieces at shops.
You paid 3928 gold pieces to Gozag.

Inventory:

Jewellery
 f - an amulet of guardian spirit
 n - an amulet of magic regeneration (around neck)
 r - a ring of magical power
 t - a ring of resist corrosion
 u - a ring of positive energy
 v - a +6 ring of dexterity
 y - the ring of Jaoc (right paw) {rPois Will- MP+9 Int+2 Slay+3}
   (You acquired it in a bailey)

   [ring of magical power]

   Int:       It affects your intelligence (+2).
   Slay:      It affects your accuracy & damage with ranged weapons and melee
   (+3).
   rPois:     It protects you from poison.
   MP:        It affects your magic capacity (+9).
   Will:      It decreases your willpower.
 D - a ring of flight
 H - a +6 ring of strength
 M - a ring of ice
 P - a +6 ring of intelligence
 Q - a ring of ice
 R - the ring "Disecig" {rC+ Will+ Str+4}
   (You bought it in a shop on level 2 of the Orcish Mines)

   [ring of protection from cold]

   Str:       It affects your strength (+4).
   rC:        It protects you from cold.
   Will:      It increases your willpower.
 T - a ring of wizardry (left paw)
 U - the amulet "Cidec" {rElec rC+ Regen+ Int+3}
   (You bought it in a shop on level 2 of the Orcish Mines)

   [amulet of regeneration]

   Int:       It affects your intelligence (+3).
   rC:        It protects you from cold.
   rElec:     It insulates you from electricity.
   Regen:     It increases your rate of health regeneration.
Wands
 p - a wand of paralysis (19)
 z - a wand of digging (1)
 C - a wand of flame (27)
 E - a wand of roots (6)
 G - a wand of mindburst (2)
Scrolls
 d - 3 scrolls of poison
 e - 3 scrolls of torment
 g - 10 scrolls of teleportation
 m - 6 scrolls of immolation
 x - 3 scrolls of identify
 B - 8 scrolls of fog
 I - 2 scrolls of silence
 J - 3 scrolls of fear
 L - 2 scrolls of vulnerability
 O - 2 scrolls of magic mapping
 S - 2 scrolls of blinking
Potions
 a - a potion of magic
 b - 7 potions of curing
 c - 3 potions of lignification
 h - 2 potions of heal wounds
 i - 2 potions of degeneration
 j - 5 potions of attraction
 k - 8 potions of mutation
 l - 4 potions of ambrosia
 o - 5 potions of might
 q - 2 potions of haste
 s - 3 potions of berserk rage
 w - 3 potions of cancellation {unknown}
 F - 2 potions of flight {unknown}
 K - 2 potions of brilliance {unknown}
Miscellaneous
 A - a condenser vane
 N - a phial of floods


   Skills:
 - Level 11.6 Fighting
 - Level 15.0 Dodging
 - Level 2.6 Stealth
 - Level 10.6 Unarmed Combat
 + Level 10.1 Spellcasting
 - Level 8.4 Hexes
 - Level 13.5 Summonings
 - Level 11.6 Translocations
 * Level 6.2 Transmutations
 + Level 6.5 Air Magic


You had 7 spell levels left.
You knew the following spells:

 Your Spells              Type           Power      Damage    Failure   Level
a - Summon Cactus Giant   Summ           34%        N/A       1%          6
b - Summon Mana Viper     Hex/Summ       61%        N/A       1%          5
c - Call Canine Familiar  Summ           69%        N/A       1%          3
d - Summon Guardian Gole  Hex/Summ       61%        N/A       1%          3
e - Summon Lightning Spi  Summ/Air       58%        N/A       1%          4
z - Manifold Assault      Tloc           63%        N/A       1%          5

Your spell library contained the following spells:

 Spells                   Type           Power      Damage    Failure   Level
 Summon Small Mammal      Summ           100%       N/A       0%          1
 Beastly Appendage        Tmut           86%        N/A       1%          1
 Blink                    Tloc           100%       N/A       1%          2
 Call Imp                 Summ           69%        N/A       1%          2
 Ensorcelled Hibernation  Hex/Ice        66%        N/A       1%          2
 Poisonous Vapours        Pois/Air       58%        N/A       1%          2
 Wereblood                Tmut           43%        N/A       1%          2
 Inner Flame              Hex/Fire       33%        N/A       1%          3
 Lesser Beckoning         Tloc           63%        N/A       1%          3
 Spider Form              Tmut/Pois      28%        N/A       1%          3
 Cause Fear               Hex            26%        N/A       1%          4
 Ignite Poison            Fire/Tmut/Pois 23%        N/A       2%          3
 Sublimation of Blood     Necr           12%        N/A       3%          2
 Anguish                  Hex/Necr       16%        N/A       3%          4
 Leda's Liquefaction      Hex/Erth       16%        N/A       3%          4
 Blade Hands              Tmut           21%        N/A       4%          5
 Ozocubu's Armour         Ice            12%        N/A       6%          3
 Summon Hydra             Summ           34%        N/A       6%          7
 Metabolic Englaciation   Hex/Ice        16%        N/A       10%         5
 Olgreb's Toxic Radiance  Pois           12%        N/A       19%         4
 Freezing Cloud           Conj/Ice/Air   11%        6-21      22%         5
 Storm Form               Tmut/Air       22%        N/A       71%         7
 Iron Shot                Conj/Erth      6%         9d2       95%         6
 Ozocubu's Refrigeration  Ice            6%         4d6       100%        7
 Discord                  Hex            26%        N/A       98%         8
 Lehudib's Crystal Spear  Conj/Erth      6%         10d3      100%        8
 Polar Vortex             Ice            6%         N/A       100%        9
 Portal Projectile        Hex/Tloc       Unusable   N/A       N/A         3
 Animate Armour           Summ/Erth      Unusable   N/A       N/A         4
 Simulacrum               Ice/Necr       Unusable   N/A       N/A         6

Dungeon Overview and Level Annotations

Branches:
Dungeon (14/15)            Temple (1/1) D:6            Lair (5/5) D:8
 Shoals (0/4) Lair:3        Snake (0/4) Lair:2        Slime (0/5) Lair:5
    Orc (2/2) D:12            Elf (0/3) Orc:2        Vaults (0/5) D:13
 Bailey (visited)

Altars:
Ashenzari
Cheibriados
Dithmenos
Elyvilon
Fedhas
Gozag
Hepliaklqana
Kikubaaqudgha
Makhleb
Nemelex Xobeh
Okawaru
Qazlal
Ru
Sif Muna
Trog
Uskayaw
Vehumet
Wu Jian
Xom
Yredelemnul
Zin
The Shining One
Jiyva

Shops:
D:4 [[=   Orc:2 :*:*=!?[(

Portals:
Trove: D:13 (give 8 scrolls of blinking)


Innate Abilities, Weirdness & Mutations

You have sharp claws.
You have razor-sharp teeth.
You have supernaturally acute eyesight. (SInv)
You cover ground quickly. (Speed+)
Your thick and shaggy fur keeps you warm. (AC +3, rC+)
Your paws help you pounce on unaware monsters.
You are incapable of wielding weapons or throwing items.
You cannot wear armour.
You gain extra lives every three experience levels.


Message History

You feel strangely unstable.
You hear a twanging sound.
An arrow appears from out of your range of vision.
The arrow barely misses your cactus giant.
You hear a twanging sound.
An arrow appears from out of your range of vision.
The arrow hits your cactus giant!!
The red ugly thing barely misses your warg.
Aiming: Fastroot
Press: ? - help, Shift-Dir - straight line, f - red ugly thing
Aim: a red ugly thing (almost dead, ally target)
Okay, then.
Your warg is engulfed in blazing flames.
Your warg bites the red ugly thing!
The efreet gestures at you.
The bolt of fire hits your cactus giant!!
The bolt of fire misses you.
The red ugly thing basks in the mutagenic energy from its kin and changes!
The cyan ugly thing basks in the mutagenic energy from its kin and changes!
Casting: Call Canine Familiar (safe; 1% risk of failure)
Confirm with . or Enter, or press ? or * to list all spells.
A guardian golem appears, shielding your allies.
Your warg is engulfed in blazing flames.
Your warg barely misses the cyan ugly thing.
You hear a twanging sound.
An arrow appears from out of your range of vision.
The arrow hits your cactus giant!!
Your cactus giant is destroyed!
Your cactus giant disappears in a puff of smoke!
Your warg is engulfed in blazing flames.
Your warg closely misses the cyan ugly thing.
Unknown command.
A centaur warrior comes into view. It is wielding a +0 shortbow.
Your warg is engulfed in blazing flames.
Your warg bites the cyan ugly thing!
The cyan ugly thing dies!
The efreet gestures at you.
The fireball explodes!
The fireball engulfs you!!
You die...
Your body crumbles into a pile of gold.

###..Q..#.#
#.Q*.u....#
#u#Q....###
#$#####$## #h#
#.○.# #9# #.#§#
#.# #.c.§°.....#
#.#...###pu....#
#@#.#. .#..>!#
#.....# R....##
#.#..c....$.#.#
R§[..##.##.. ..#
○## .# .## .. #○
.. .. #. #. #.


You could see a green ugly thing, a centaur warrior (wandering), an efreet, a
tengu conjurer, a friendly guardian golem (summoned) and a friendly warg
(summoned, sheltered).

Vanquished Creatures
  Azrael (Orc:1)
  A boulder beetle (D:12)
  A wizard (D:14)
  3 manticores
  An unseen horror (D:11)
  A kobold demonologist (D:5)
  A rime drake (Lair:5)
  4 nameless horrors
  3 blink frogs
  A shadow (D:13)
  A yak (Lair:1)
  A fire elemental (Orc:1)
  A warg (Orc:2)
  A water moccasin (Lair:3)
  A swamp drake (Lair:5)
  12 orc warriors
  5 wolves
  A boggart (D:14)
  3 ogres
  A lemure (D:4)
  8 centaurs
  A bullfrog (Lair:4)
  A howler monkey (D:11)
  5 orc priests
  An iguana (Lair:5)
  5 orc wizards
  2 hell rats (D:8)
  26 orcs
  5 bats
  A giant cockroach (D:1)
  6 goblins
  2 hobgoblins (D:3)
  2 ball pythons
  A frilled lizard (D:3)
  4 kobolds
  2 rats
116 creatures vanquished.

Vanquished Creatures (collateral kills)
  The ghost of Inib the Basher, a journeyman TrFi (Lair:4)
  An orc warlord (Orc:2)
  A dire elephant (Lair:1)
  A fire dragon (Lair:5)
  7 vault guards (D:13)
  Fannar (Orc:1)
  7 hydras
  A boulder beetle (D:11)
  2 centaur warriors
  6 two-headed ogres
  Urug (Orc:1)
  11 death yaks
  A fire crab (Lair:4)
  A swamp dragon (Lair:5)
  2 lindwurms (Lair:5)
  4 orc knights
  2 orc sorcerers (Orc:2)
  A wolf spider (Lair:5)
  A manticore (D:12)
  8 ugly things
  4 cyclopes
  13 elephants
  Maurice (D:12)
  2 black mambas
  A gargoyle (D:13)
  4 torpor snails
  An unseen horror (D:11)
  8 cane toads
  4 rime drakes
  A freezing wraith (D:13)
  14 komodo dragons
  4 trolls
  2 polar bears (Lair:5)
  8 blink frogs
  9 dream sheep
  A vampire (D:11)
  4 wraiths
  2 fire elementals (Orc:2)
  33 yaks
  7 wyverns
  A steam dragon (Lair:5)
  3 basilisks
  2 wargs
  An acid dragon (Lair:5)
  2 nagas (Lair:2)
  6 nameless horrors
  A hell hound (Orc:1)
  6 water moccasins
  26 orc warriors
  2 swamp drakes (Lair:5)
  2 black bears
  10 ogres
  10 centaurs
  10 wolves
  2 phantoms
  14 bullfrogs
  2 necrophages (D:4)
  A scorpion (D:5)
  6 killer bees (D:10)
  A spectral centaur (D:10)
  4 howler monkeys
  2 jellies (D:5)
  10 orc priests
  A hound (D:5)
  3 centaur skeletons (D:10)
  5 iguanas
  2 hell rats
  9 orc wizards
  Robin (D:3)
  8 adders
  8 gnolls
  A howler monkey skeleton (D:10)
  3 ufetubi
  A dart slug (D:3)
  52 orcs
  10 endoplasms
  A giant cockroach (D:1)
  23 goblins
  8 hobgoblins
  7 jackals (D:3)
  24 kobolds
  2 quokkas
  5 ball pythons
  4 bats
  3 frilled lizards
  4 rats
492 creatures vanquished.

Vanquished Creatures (others)
  Rupert (Lair:4)
  An orc warlord (Bailey)
  Josephine (D:10)
  A vault guard (D:13)
  2 hydras
  A catoblepas (Lair:5)
  A centaur warrior (D:14)
  A death knight (D:14)
  4 death yaks
  Lodul (D:10)
  Pikel (D:4)
  A deep elf pyromancer (D:13)
  A wolf spider (shapeshifter) (D:13)
  A manticore (Lair:5)
  A cyclops (D:9)
  3 ugly things
  An elephant (Lair:1)
  4 cane toads
  2 komodo dragons (Lair:5)
  4 trolls
  A polar bear (Lair:4)
  A hornet (D:6)
  3 slime creatures (D:10)
  A dream sheep (Lair:5)
  A basilisk (Lair:5)
  9 yaks
  3 wraiths (D:10)
  A wyvern (Lair:5)
  A meliai simulacrum (D:14)
  6 orc warriors
  4 ogres
  A wolf (Lair:4)
  3 centaurs
  A lemure (D:4)
  2 kobold brigands
  4 killer bees (D:10)
  A gnoll bouda (D:6)
  A hound (D:6)
  A hell rat (D:8)
  An orc wizard (D:9)
  2 gnolls (D:6)
  A shadow imp (D:6)
  A white imp (D:6)
  5 orcs
  A hobgoblin (Bailey)
  5 bushes
  21 fungi
  116 plants
231 creatures vanquished.

Grand Total: 839 creatures vanquished

Notes
Turn   | Place    | Note
-------+----------+-------------------------------------------
     0 | D:1      | night the Felid Summoner began the quest for the Orb.
     0 | D:1      | Reached XP level 1. HP: 7/7 MP: 4/4
   332 | D:1      | Reached XP level 2. HP: 11/11 MP: 1/6
   827 | D:1      | HP: 1/11 [goblin/+0 club (3)]
  1417 | D:1      | Learned a level 2 spell: Call Imp
  1727 | D:2      | Reached XP level 3. HP: 10/14 MP: 5/8
  1973 | D:2      | Found a faded altar of an unknown god.
  2670 | D:2      | Learned a level 3 spell: Call Canine Familiar
  3197 | D:3      | Reached XP level 4. HP: 18/18 MP: 9/9
  3439 | D:3      | Learned a level 3 spell: Summon Guardian Golem
  3505 | D:3      | Reached skill level 5 in Summonings
  3531 | D:3      | Noticed Robin
  3538 | D:3      | Killed Robin
  3717 | D:3      | Reached skill level 1 in Hexes
  3994 | D:3      | Found a shadowy altar of Dithmenos.
  4199 | D:4      | Found Jaogin's Antique Armour Shop.
  4260 | D:4      | Noticed a necrophage
  4268 | D:4      | Reached XP level 5. HP: 21/21 MP: 8/11
  4274 | D:4      | Reached skill level 2 in Hexes
  4274 | D:4      | Reached skill level 1 in Air Magic
  4306 | D:4      | Found Imeghir's Antique Armour Boutique.
  4359 | D:4      | Got Rekkudal's Reference Book on Coarse Production
  4480 | D:4      | Noticed an ogre
  4486 | D:4      | Killed an ogre
  4487 | D:4      | Gained mutation: You are covered in thick fur. (AC +2)
                  | [Felid growth]
  4487 | D:4      | Reached XP level 6. HP: 24/24 MP: 10/12
  4554 | D:4      | Reached skill level 2 in Air Magic
  4592 | D:4      | Found Mefraadgh's Jewellery Shoppe.
  4869 | D:5      | Entered Level 5 of the Dungeon
  4876 | D:5      | Noticed Pikel
  5099 | D:4      | Killed Pikel
  5100 | D:4      | Reached skill level 5 in Hexes
  5100 | D:4      | Reached XP level 7. HP: 13/27 MP: 13/15
  5353 | D:5      | Reached skill level 5 in Spellcasting
  5353 | D:5      | Reached XP level 8. HP: 30/31 MP: 14/16
  5852 | D:5      | Noticed a kobold demonologist
  5853 | D:5      | Noticed a komodo dragon
  5857 | D:5      | Noticed an ice devil
  5859 | D:5      | Noticed a smoke demon
  5886 | D:5      | Killed a kobold demonologist
  5918 | D:5      | HP: 4/31 [ufetubus (5)]
  5919 | D:5      | Slain by an ufetubus
  5920 | D:5      | Reached XP level 7. HP: 0/27 MP: 14/16
  5935 | D:5      | Killed a komodo dragon
  5936 | D:5      | Reached XP level 8. HP: 20/31 MP: 15/18
  6346 | D:5      | Found a glowing silver altar of Zin.
  6497 | D:5      | Learned a level 4 spell: Summon Lightning Spire
  6650 | D:6      | Noticed a hornet
  6695 | D:6      | Killed a hornet
  6696 | D:6      | Reached skill level 5 in Air Magic
  6811 | D:6      | Upgraded the game from 0.29-a0-923-g6e406bff71 to
                  | 0.29-a0-973-gac7da5f7f0
  7052 | D:6      | Identified the +1 robe of Jucre {*Slow Int-2 Dex+6
                  | Archmagi}
  7058 | D:6      | Found a staircase to the Ecumenical Temple.
  7069 | Temple   | Entered the Ecumenical Temple
  7250 | Temple   | Became a worshipper of Gozag Ym Sagoz the Greedy
  7589 | D:6      | Learned a level 5 spell: Summon Mana Viper
  8020 | D:7      | Reached skill level 3 in Dodging
  8257 | D:7      | Reached skill level 1 in Fighting
  8257 | D:7      | Reached XP level 9. HP: 35/35 MP: 19/19
  8820 | D:8      | Found a staircase to the Lair.
  8863 | D:8      | Found a flagged portal.
  8911 | Bailey   | Entered a bailey
  8938 | Bailey   | Noticed an orc warlord
  9067 | Bailey   | Reached skill level 2 in Fighting
  9067 | Bailey   | Reached skill level 4 in Dodging
  9239 | Bailey   | Found a runed translucent gate.
  9240 | Bailey   | Found a runed translucent gate.
  9247 | Bailey   | Found a runed translucent gate.
  9419 | Bailey   | Killed an orc warlord
  9420 | Bailey   | Reached skill level 5 in Dodging
  9470 | Bailey   | Identified the +6 mace of Gallantry {venom, rN+ Will+ Str+4
                  | Int-4}
  9488 | Bailey   | Acquired the ring of Jaoc {rPois Will- MP+9 Int+2 Slay+3}
  9577 | D:8      | Reached XP level 10. HP: 42/42 MP: 18/22
  9581 | D:8      | Reached skill level 6 in Dodging
 10074 | D:9      | Noticed a cyclops
 10106 | D:8      | Reached skill level 1 in Translocations
 10244 | D:9      | Identified the +7 trident of the Eel {speed, Str-2 Dex+6}
 10332 | D:9      | Reached skill level 2 in Translocations
 10333 | D:9      | Noticed a two-headed ogre
 10338 | D:9      | Killed a two-headed ogre
 10462 | D:9      | Killed a cyclops
 11502 | D:10     | Entered Level 10 of the Dungeon
 11503 | D:10     | Noticed Josephine
 11517 | D:10     | Killed Josephine
 11518 | D:10     | Reached skill level 7 in Dodging
 11518 | D:10     | Reached skill level 5 in Translocations
 11577 | D:10     | Reached skill level 5 in Fighting
 11718 | D:10     | Noticed a cyclops
 11968 | D:9      | Killed a cyclops
 11969 | D:9      | Reached XP level 11. HP: 27/48 MP: 24/24
 12309 | D:10     | Noticed Lodul
 12593 | D:10     | Killed Lodul
 12594 | D:10     | Reached skill level 8 in Dodging
 12889 | D:10     | Learned a level 5 spell: Manifold Assault
 13185 | D:10     | Reached skill level 10 in Summonings
 13522 | D:10     | Reached skill level 1 in Unarmed Combat
 13860 | D:10     | Learned a level 6 spell: Summon Cactus Giant
 13941 | Lair:1   | Entered Level 1 of the Lair of Beasts
 13973 | D:8      | HP: 2/46 [hell rat (6)]
 13974 | D:8      | Slain by a wolf
 13975 | D:8      | Reached XP level 10. HP: -3/43 MP: 32/32
 14722 | D:11     | Noticed a boulder beetle
 14838 | D:11     | Killed a boulder beetle
 14839 | D:11     | Reached skill level 2 in Unarmed Combat
 14892 | D:11     | Noticed a cyclops
 14898 | D:11     | Hit by a large rock thrown by a cyclops
 14899 | D:11     | Reached XP level 9. HP: -4/42 MP: 31/31
 14914 | D:11     | Killed a cyclops
 14915 | D:11     | Reached XP level 10. HP: 46/46 MP: 23/23
 14981 | D:11     | Noticed a white ugly thing
 14991 | D:11     | Killed a white ugly thing
 15116 | D:11     | Noticed a two-headed ogre
 15125 | D:11     | Killed a two-headed ogre
 15126 | D:11     | Reached skill level 9 in Dodging
 15126 | D:11     | Reached skill level 10 in Translocations
 15896 | Lair:1   | Noticed an elephant
 15962 | Lair:1   | Noticed an elephant
 16015 | Lair:1   | Reached XP level 11. HP: 40/49 MP: 25/25
 16918 | Lair:1   | Noticed a dire elephant
 16944 | Lair:1   | Killed a dire elephant
 17016 | Lair:1   | Reached skill level 10 in Dodging
 17618 | Lair:2   | Identified the +1 robe of Wrong Decisions {Str+4 Dex+2
                  | Stlth+}
 17640 | Lair:2   | Reached skill level 5 in Unarmed Combat
 17650 | Lair:2   | Gained mutation: Your thick and shaggy fur keeps you warm.
                  | (AC +3, rC+) [Felid growth]
 17650 | Lair:2   | Reached XP level 12. HP: 35/55 MP: 23/26
 18055 | Lair:2   | Noticed an eight-headed hydra
 18066 | Lair:2   | Killed an eight-headed hydra
 18179 | Lair:2   | Noticed a five-headed hydra
 18188 | Lair:2   | Killed a five-headed hydra
 18189 | Lair:2   | Reached skill level 11 in Dodging
 18248 | Lair:2   | Noticed a death yak
 18250 | Lair:2   | Noticed a death yak
 18251 | Lair:2   | Noticed a death yak
 18254 | Lair:2   | Noticed a death yak
 18254 | Lair:2   | Noticed a death yak
 18267 | Lair:2   | Killed a death yak
 18269 | Lair:2   | Killed a death yak
 18273 | Lair:2   | Killed a death yak
 18275 | Lair:2   | Killed a death yak
 18281 | Lair:2   | Killed a death yak
 18679 | Lair:2   | Found a staircase to the Snake Pit.
 18927 | Lair:2   | Noticed a death yak
 18969 | Lair:2   | Killed a death yak
 19208 | Lair:3   | Found a staircase to the Shoals.
 19393 | Lair:3   | Noticed a death yak
 19394 | Lair:3   | Noticed a death yak
 19395 | Lair:3   | Noticed a death yak
 19398 | Lair:3   | Noticed a death yak
 19401 | Lair:3   | Noticed a death yak
 19402 | Lair:3   | Killed a death yak
 19403 | Lair:3   | Killed a death yak
 19403 | Lair:3   | Noticed a death yak
 19433 | Lair:3   | Reached skill level 12 in Summonings
 19438 | Lair:3   | Reached skill level 12 in Dodging
 19445 | Lair:3   | Killed a death yak
 19446 | Lair:3   | Reached XP level 13. HP: 59/60 MP: 23/27
 20709 | Lair:4   | Found a runed translucent door.
 20711 | Lair:4   | Noticed Inib's ghost (journeyman TrFi)
 20716 | Lair:4   | Noticed Rupert
 20717 | Lair:4   | Paralysed by Rupert for 5 turns
 21092 | Lair:4   | Killed Rupert
 21093 | Lair:4   | Reached skill level 10 in Fighting
 21093 | Lair:4   | Reached skill level 13 in Dodging
 21699 | Lair:4   | Killed Inib's ghost
 21777 | Lair:5   | Entered Level 5 of the Lair of Beasts
 21808 | Lair:5   | Found a staircase to the Slime Pits.
 21855 | Lair:5   | Found a viscous altar of Jiyva.
 22255 | Lair:5   | Noticed a fire dragon
 22267 | Lair:5   | Killed a fire dragon
 22643 | Lair:5   | Reached XP level 14. HP: 66/66 MP: 28/28
 23180 | Lair:5   | Reached skill level 14 in Dodging
 23585 | Lair:5   | Found the +8 Vampire's Tooth {vamp}
 24095 | D:12     | Noticed Maurice
 24103 | D:12     | Killed Maurice
 24211 | D:12     | Found a staircase to the Orcish Mines.
 24870 | Orc:1    | Entered Level 1 of the Orcish Mines
 25091 | Orc:2    | Entered Level 2 of the Orcish Mines
 25091 | Orc:2    | Noticed an orc warlord
 25275 | Orc:1    | Noticed Fannar
 25281 | Orc:1    | Killed Fannar
 25705 | Orc:2    | Found a staircase to the Elven Halls.
 26249 | Orc:1    | Reached skill level 10 in Unarmed Combat
 26815 | Orc:2    | HP: 9/67 [orc warrior/bolt (23)]
 27673 | Orc:2    | HP: 5/67 [centaur/arrow (13)]
 28081 | Orc:2    | Noticed Azrael
 28309 | Orc:1    | Killed Azrael
 28719 | Orc:2    | Killed an orc warlord
 28720 | Orc:2    | Reached skill level 15 in Dodging
 29006 | Orc:1    | Noticed Urug
 29031 | Orc:1    | Killed Urug
 29467 | Orc:2    | Found Ballecav's Antique Armour Shop.
 29467 | Orc:2    | Found Fuus Wai's Magic Scroll Emporium.
 29469 | Orc:2    | Found Pureehuy's Distillery.
 29471 | Orc:2    | Found Zalafija's Antique Weapon Boutique.
 29504 | Orc:2    | Bought a serpentine pewter ring for 100 gold pieces
 29504 | Orc:2    | Identified the ring "Disecig" {rC+ Will+ Str+4} (You bought
                  | it in a shop on level 2 of the Orcish Mines)
 29504 | Orc:2    | Bought a scroll of blinking for 150 gold pieces
 29508 | Orc:2    | Bought Sif Muna's Compilation of Pestilent Transmigration
                  | for 624 gold pieces
 29513 | Orc:2    | Bought a scroll of fog for 80 gold pieces
 29516 | Orc:2    | Bought a ring of wizardry for 330 gold pieces
 29516 | Orc:2    | Bought the amulet "Cidec" {rElec rC+ Regen+ Int+3} for 630
                  | gold pieces
 29619 | D:13     | Found a portal to a secret trove of treasure.
 29639 | D:13     | Identified the +3 pair of boots "Juiguici" {Rampage rPois
                  | Int-3 Dex+9}
 29654 | D:13     | Acquired 985 gold pieces
 29681 | D:13     | Reached skill level 1 in Transmutations
 29883 | D:13     | Found a gate to the Vaults.
 29912 | D:13     | Reached skill level 2 in Transmutations
 29912 | D:13     | Reached XP level 15. HP: 72/72 MP: 29/29
 30345 | D:13     | Killed from afar by a deep elf pyromancer
 30346 | D:13     | Reached XP level 14. HP: -1/68 MP: 24/37
 30775 | D:13     | Found an iron altar of Okawaru.
 30824 | D:13     | HP: 3/68 [deep elf pyromancer/bolt of fire (36)]
 31587 | D:14     | Identified the +5 falchion of Bodily Harmony {drain, rPois
                  | Str+3 Dex-2}
 31712 | Orc:2    | Bought Ozocubu's Autobiography for 384 gold pieces
 31885 | D:14     | Reached skill level 5 in Transmutations
 32403 | D:14     | Reached skill level 10 in Spellcasting
 32954 | D:14     | Killed from afar by an efreet

Illustrated notes

Levels and vault maps discovered:
D:1:      mrwooster_arrival_statue_3, layout_rooms
D:2:      layout_loops_corners, shapermc_ecumenical_altar_mp_highgroup,
          minmay_distorted
D:3:      kennysheep_goblin_castle, layout_basic, mainiacjoe_overflow_24_doors,
          hangedman_decor_clover_reticule
D:4:      layout_cave_pools, serial_shops, nicolae_lakefront_shop,
          nicolae_shop_crystal, shop, grunt_ministairs_8
D:5:      layout_cave_pools, zin_statuary, st_stairs_6,
          minmay_manual_monstrance, uniq_pikel
D:6:      minmay_general_purpose_star, layout_loops_cross,
          minmay_temple_entry_waves
D:7:      layout_loops_ring
D:8:      layout_cave_pools, dpeg_oklobed_lair, enter_bailey_5
D:9:      layout_cave_pools, minmay_hedge_maze, hex_medium
D:10:     layout_roguey [special_room_orc], hangedman_weighted_door,
          uniq_josephine, uniq_lodul
D:11:     layout_cave_pods, kennysheep_path_1
D:12:     layout_cave_pools, minmay_orc_entry_temple_small, uniq_maurice
D:13:     layout_basic, erik_vaults_2, nicolae_trove_entry_isolated,
          kennysheep_okawaru_gauntlet
D:14:     layout_basic, chequers_arboretum, minmay_fractal_squares_5
Temple:   nicolae_temple_bog_church
Lair:1:   layout_chaotic_city, wad_woods_road_01, minmay_holes,
          nicolae_lair_grazing_beasts [nicolae_sub_lair_graze_edge,
          nicolae_sub_lair_graze_edge, nicolae_sub_lair_graze_edge,
          nicolae_sub_lair_graze_edge]
Lair:2:   nzn_winding_woodlands_three_and_one
          [nzn_winding_woodlands_5x15_pathside_ponds,
          nzn_winding_woodlands_5x15_crooked, nzn_winding_woodlands_5x15_zeroes,
          nzn_winding_woodlands_center_lodge], layout_regular_city,
          guppyfry_snake_entry_garden, serial_bayou_pond_d
Lair:3:   layout_regular_city, shoals_dummy_entry, chequers_serial_rivers_marsh,
          grunt_megastairs_2, serial_bayou_shore_a
Lair:4:   layout_cave_shapes, ebering_ghost_inner_flame, minivault_19,
          grunt_megastairs_3, uniq_rupert
Lair:5:   hangedman_lair_in_review, layout_cave_pods, guppyfry_lair_end_dragon,
          slime_entry_1
Orc:1:    layout_caves, uniq_fannar, uniq_urug
Orc:2:    st_orc_rangers, layout_caves, uniq_azrael

Skill      XL: |  1  2  3  4  5  6  7  8  9 10 11 12 13 14 15 |
---------------+----------------------------------------------+-----
Spellcasting   | 3 4 6 7 9 10 | 10.1
Summonings     | 5 6 8 9 11 12 13 | 13.5
Hexes          | 1 3 5 8 |  8.4
Air Magic      | 1 3 5 6 |  6.5
Dodging        | 3 5 9 10 12 13 15 | 15.0
Fighting       | 1 3 5 7 9 10 11 | 11.6
Translocations | 10 11 | 11.6
Unarmed Combat | 3 5 6 8 10 | 10.6
Transmutations | 6 3 |  6.2
Stealth        | |  2.6

Action                   |  1- 3 |  4- 6 |  7- 9 | 10-12 | 13-15 || total
-------------------------+-------+-------+-------+-------+-------++-------
Melee: Unarmed           |    33 |    46 |    64 |   141 |   411 ||   695
       Bite              |     2 |     3 |     9 |    24 |    36 ||    74
       Punch             |     1 |     1 |       |     7 |    12 ||    21
 Cast: Summon Small Mamm |    47 |     9 |    36 |    38 |     2 ||   132
       Call Imp          |    17 |     5 |    16 |     9 |       ||    47
       Call Canine Famil |     2 |    13 |    43 |    85 |    61 ||   204
       Summon Guardian G |       |    11 |    32 |    72 |    80 ||   195
       Summon Lightning  |       |       |     5 |    21 |    14 ||    40
       Summon Mana Viper |       |       |     5 |    28 |    42 ||    75
       Summon Cactus Gia |       |       |       |    24 |   104 ||   128
       Manifold Assault  |       |       |       |    10 |   159 ||   169
Invok: Call Merchant     |       |       |       |       |     5 ||     5
Evoke: Wand              |       |       |     5 |       |     8 ||    13
  Use: Scroll            |       |    10 |     4 |     3 |    11 ||    28
       Potion            |       |       |       |     2 |     5 ||     7
 Stab: Sleeping          |     2 |     4 |       |       |     2 ||     8
       Paralysed         |       |       |     7 |       |       ||     7
       Distracted        |       |       |       |     3 |     3 ||     6
Armor: Skin              |     6 |     6 |    10 |     7 |    16 ||    45
Dodge: Dodged            |    57 |    68 |   145 |   289 |   390 ||   949

Table legend: (Time is in decaauts)
 A = Elapsed time spent in this place.
 B = Non-inter-level travel time spent in this place.
 C = Inter-level travel time spent in this place.
 D = Time resting spent in this place.
 E = Time spent auto-exploring this place.
 F = Levels seen in this place.
 G = Mean time per level.
                   A        B        C        D        E       F      G
               +--------+--------+--------+--------+--------+-----+--------+
         Total |  29981 |  28822 |   1159 |   9457 |  12578 |  23 | 1303.5 |
       Dungeon |  17672 |  16940 |    732 |   4737 |   8310 |  14 | 1262.3 |
        Temple |    167 |    135 |     32 |      0 |    121 |   1 |  167.0 |
          Lair |   7100 |   6885 |    215 |   1909 |   3255 |   5 | 1420.0 |
  Orcish Mines |   4519 |   4340 |    179 |   2748 |    833 |   2 | 2259.5 |
        Bailey |    522 |    522 |      0 |     63 |     57 |   1 |  522.0 |
               +--------+--------+--------+--------+--------+-----+--------+

Top non-repeatable levels by time:
   Orc:1: 2884 daAuts
    D:13: 2177 daAuts
     D:9: 1877 daAuts
  Lair:5: 1834 daAuts
    D:10: 1676 daAuts
   Orc:2: 1634 daAuts
  Lair:1: 1485 daAuts
  Lair:2: 1455 daAuts
  Lair:3: 1346 daAuts
     D:1: 1325 daAuts
     D:3: 1298 daAuts
    D:11: 1295 daAuts
     D:8: 1229 daAuts
     D:2: 1181 daAuts
     D:5: 1145 daAuts
